AoeStats
← ¬koJ

Coastal Forest

510665216Analyzed
3v3 RM · 21h ago on Oct 2, 2026· 68m 53s· 6 players
Game mode
Random Map
Map size
Normal (6 player)
Population
200
Speed
Normal
Resources
Standard
Victory
Conquest
Starting age
Dark Age
Ending age
Imperial Age
RankedLock teamsTeams togetherTeam positionsShared explorationLock speedFull tech treeHidden civsTurbo modeCheats
Victory
Defeat
🇧🇷 Slavs · Brazil
1069
+15
🇧🇷 Goths · Brazil
1028
+17
🇧🇷 Mongols · Brazil
1005
+17
🇺🇸 Hindustanis · United States
1068
-17
🇦🇷 Vikings · Argentina
1044
-16
🇺🇸 Bohemians · United States
1021
-16
Zulks
9:43 Loom
11:57 Feudal Age
16:09 Horse Collar
21:20 Castle Age
24:45 Scale Mail Armor
28:26 Fletching
30:24 Gold Mining
36:47 Squires
37:28 Wheelbarrow
39:30 Town Watch
43:16 Pikeman
47:13 Imperial Age
48:54 Chemistry
52:43 Perfusion
54:47 Anarchy
60:11 Chain Mail Armor
60:07 Forging
59:47 Elite Huskarl
68:01 Iron Casting
67:50 Conscription
67:15 Halberdier
¬koJ
11:27 Feudal Age
12:21 Double-Bit Axe
12:41 Horse Collar
16:49 Castle Age
15:23 Forging
15:44 Gold Mining
17:15 Loom
18:27 Scale Barding Armor
20:08 Bloodlines
24:03 Chain Barding Armor
25:21 Wheelbarrow
26:44 Town Watch
27:29 Heavy Plow
28:37 Squires
29:06 Hand Cart
30:24 Iron Casting
30:05 Husbandry
34:06 Imperial Age
32:34 Town Patrol
33:57 Fletching
34:41 Scale Mail Armor
35:57 Blast Furnace
35:48 Conscription
35:03 Onager
38:17 Chemistry
38:03 Pikeman
39:03 Bow Saw
39:50 Gold Shaft Mining
40:02 Chain Mail Armor
40:34 Halberdier
40:38 Siege Onager
44:37 Plate Mail Armor
43:29 Halberdier
46:18 Druzhina
46:24 Capped Ram
52:07 Two-Man Saw
53:55 Elite Boyar
55:12 Plate Barding Armor
60:41 Caravan
65:21 Spies/Treason
Nebrown#1 JUGGERNAUT
8:49 Loom
8:55 Loom
10:52 Feudal Age
16:22 Castle Age
14:38 Fishing Lines
14:49 Double-Bit Axe
16:51 Fletching
17:54 Gillnets
19:38 Bodkin Arrow
20:22 Bow Saw
23:46 Wheelbarrow
26:55 Hand Cart
28:39 Padded Archer Armor
31:28 Imperial Age
29:53 Leather Archer Armor
29:59 Stone Mining
30:00 Gold Mining
31:40 Forging
34:03 Bracer
35:19 Chemistry
34:46 Conscription
35:31 Ballistics
35:06 Murder Holes
34:56 Elite Mangudai
39:20 Masonry
39:52 Stone Shaft Mining
41:48 Thumb Ring
41:04 Heavy Cavalry Archer
42:09 Parthian Tactics
43:56 Parthian Tactics
44:13 Gold Shaft Mining
46:30 Drill
48:23 Siege Engineers
49:00 Hoardings
49:23 Herbal Medicine
56:40 Scale Barding Armor
56:46 Forging
56:04 Light Cavalry
56:45 Husbandry
56:56 Bloodlines
56:43 Town Watch
63:21 Iron Casting
63:08 Chain Barding Armor
65:26 Sappers
65:21 Spies/Treason
CapitanMOTA
5:21 Loom
10:39 Feudal Age
11:56 Double-Bit Axe
12:18 Horse Collar
15:54 Scale Barding Armor
21:21 Castle Age
20:25 Stone Mining
20:26 Gold Mining
27:24 Bow Saw
40:56 Imperial Age
40:16 Town Watch
41:04 Capped Ram
45:03 Elite Berserk
45:24 Siege Ram
46:30 Squires
46:17 Arson
51:01 Heavy Plow
51:22 Scale Mail Armor
51:33 Forging
53:38 Chemistry
53:20 Chain Mail Armor
55:45 Conscription
55:49 Ballistics
58:13 Iron Casting
58:08 Plate Mail Armor
61:29 Cavalier
65:31 Light Cavalry
Dosio Daddio
7:00 Loom
10:57 Feudal Age
11:58 Double-Bit Axe
13:07 Horse Collar
19:44 Castle Age
20:52 Wheelbarrow
21:09 Bloodlines
20:59 Husbandry
22:22 Bow Saw
22:33 Forging
22:30 Scale Barding Armor
24:02 Hand Cart
23:32 Town Watch
25:21 Town Watch
24:59 Elite Skirmisher
26:18 Iron Casting
30:33 Heavy Plow
33:54 Imperial Age
34:32 Gold Mining
35:05 Padded Archer Armor
37:46 Two-Man Saw
38:49 Conscription
43:06 Fletching
43:31 Leather Archer Armor
44:17 Chain Barding Armor
45:15 Town Patrol
44:58 Heavy Camel Rider
47:21 Bodkin Arrow
48:27 Imperial Camel Rider
51:17 Gold Shaft Mining
50:47 Caravan
50:11 Elite Ghulam
51:51 Hoardings
51:39 Bracer
52:09 Ring Archer Armor
51:41 Scale Mail Armor
51:54 Squires
51:40 Arson
53:31 Blast Furnace
55:45 Chain Mail Armor
59:11 Light Cavalry
jussilliman
3:56 Loom
9:30 Feudal Age
18:21 Castle Age
17:55 Padded Archer Armor
17:46 Fletching
20:56 Chemistry
21:12 Pikeman
21:53 Squires
21:57 Double-Bit Axe
24:07 Leather Archer Armor
24:24 Wagenburg Tactics
35:16 Horse Collar
38:49 Imperial Age
38:03 Bodkin Arrow
50:37 Halberdier
50:42 Light Cavalry
51:23 Husbandry
53:17 Ring Archer Armor
61:25 Elite Hussite Wagon
Connection lost

Rejoining the realm…

Still unreachable

The connection could not be restored.

Session expired

The server has moved on; the page needs a fresh start.